 Dungeon Crawl Stone Soup version 0.20.1-1-g8b1a95d (webtiles) character file.

72 Monsterracer the Ruffian (level 4, -2/35 HPs)
             Began as a Draconian Transmuter on Sept 5, 2017.
             Slain by an iguana (10 damage)
             ... on level 3 of the Dungeon.
             The game lasted 00:02:31 (2010 turns).

Monsterracer the Ruffian (Draconian Transmuter)     Turns: 2010, Time: 00:02:32

Health: -2/35      AC:  5    Str: 13    XL:     4   Next: 6%
Magic:  1/7        EV: 12    Int: 14    God:
Gold:   97         SH:  0    Dex: 11    Spells: 1/7 levels left

rFire    . . .     SeeInvis .     - Unarmed
rCold    . . .     Gourm    .   (no shield)
rNeg     . . .     Faith    .   (armour unavailable)
rPois    .         Spirit   .   (helmet restricted)
rElec    .         Reflect  .   (no cloak)
rCorr    .         Harm     .   (no gloves)
MR       .....                  (no boots)
Stlth    +.........             (no amulet)
Regen    0.2/turn               (no ring)
MPRegen  0.1/turn               (no ring)

@: very slightly contaminated
A: unfitting armour, cold-blooded, AC +5
a: no special abilities


You were on level 3 of the Dungeon.
You were very hungry.

You visited 1 branch of the dungeon, and saw 3 of its levels.

You collected 97 gold pieces.

Inventory:

Missiles
 a - 80 arrows
Scrolls
 e - a scroll of blinking {unknown}
 g - 5 scrolls of identify {unknown}
 h - a scroll of immolation {unknown}
 i - a scroll of magic mapping {unknown}
 l - 2 scrolls of enchant armour {unknown}
 m - a scroll of fog {unknown}
Books
 b - a book of Changes

   Spells                             Type                      Level
   a - Beastly Appendage              Transmutation                1
   b - Sticks to Snakes               Transmutation                2
   c - Spider Form                    Transmutation/Poison         3
   d - Ice Form                       Ice/Transmutation            4
   e - Blade Hands                    Transmutation                5
Comestibles
 c - a bread ration
 d - 2 fruits
 f - a royal jelly
 j - 3 meat rations


   Skills:
 - Level 1.1 Fighting
 - Level 1.7 Dodging
 + Level 4.1 Unarmed Combat
 - Level 2.0 Spellcasting
 + Level 3.3 Transmutations


You had one spell level left.
You knew the following spells:

 Your Spells              Type           Power        Failure   Level  Hunger
a - Beastly Appendage     Tmut           ##....       6%          1    ##.....
b - Sticks to Snakes      Tmut           ##......     9%          2    ###....
c - Spider Form           Tmut/Pois      #.........   34%         3    ####...


Dungeon Overview and Level Annotations

Branches:
Dungeon (3/15)

Altars:


Innate Abilities, Weirdness & Mutations

Your plain brown scales are hard. (AC +5)
You cannot fit into any form of body armour.
You are cold-blooded and may be slowed by cold attacks.


Message History

The iguana bites you!
* * * LOW HITPOINT WARNING * * *
Huge Dmg: -38%(-13hp) hp: 20%(7hp)
Casting: Spider Form
Confirm with . or Enter, or press ? or * to list all spells.
Okay, then.
Casting: Spider Form
Confirm with . or Enter, or press ? or * to list all spells.
You miscast Sticks to Snakes.
You are very lightly contaminated with residual magic.
Nothing appears to happen.
The iguana misses you.
Casting: Sticks to Snakes
Confirm with . or Enter, or press ? or * to list all spells.
You miscast Sticks to Snakes.
You feel a strange surge of energy!
You are feeling very hungry.
The iguana closely misses you.
Casting: Sticks to Snakes
Confirm with . or Enter, or press ? or * to list all spells.
You create a snake!
You now have 80 arrows.
The iguana bites you!
You die...

....######
........... #
.8....?...##.###
8_8........#...#
.8...........#
...........#+#+#####
.........S.........#
...................#
........l@.........#.
.............<.......
#########............
#...<........
#............
....##.###++..
........# . ..#######
#.


You could see an iguana and a friendly ball python.

Vanquished Creatures
  4 adders
  A worm (D:2)
  A ball python (D:2)
  2 giant cockroaches
  5 hobgoblins
  8 bats
  3 frilled lizards
  6 kobolds
  6 rats
36 creatures vanquished.

Notes
Turn   | Place    | Note
-------+----------+-------------------------------------------
     0 | D:1      | Monsterracer the Draconian Transmuter began the quest for the Orb.
     0 | D:1      | Reached XP level 1. HP: 16/16 MP: 3/3
   369 | D:1      | Reached XP level 2. HP: 23/23 MP: 5/5
   643 | D:2      | Learned a level 2 spell: Sticks to Snakes
   970 | D:2      | Reached XP level 3. HP: 28/28 MP: 6/6
   975 | D:2      | Learned a level 3 spell: Spider Form
  1580 | D:2      | HP: 13/28 [worm (4)]
  1592 | D:2      | HP: 7/28 [worm (2)]
  1597 | D:2      | Reached skill level 4 in Unarmed Combat
  1996 | D:3      | Reached XP level 4. HP: 35/35 MP: 7/7
  2001 | D:3      | Found a faded altar of an unknown god.
  2005 | D:3      | HP: 7/35 [iguana (13)]
  2010 | D:3      | Slain by an iguana

Skill      XL: |  1  2  3 |
---------------+----------+-----
Transmutations | 3 |  3.3
Unarmed Combat | 4 |  4.1
Fighting       | |  1.1
Dodging        | |  1.7
Spellcasting   | |  2.0

Action                   |  1- 3 |  4- 6 || total
-------------------------+-------+-------++-------
Melee: Unarmed           |   124 |     3 ||   127
       Tailslap          |    11 |       ||    11
       Punch             |     4 |       ||     4
 Cast: Sticks to Snakes  |     1 |     1 ||     2
       Spider Form       |     1 |       ||     1
  Eat: Chunk             |     3 |       ||     3
Armor: Skin              |    38 |       ||    38
Dodge: Dodged            |    74 |     2 ||    76
